 Dungeon Crawl Stone Soup version 0.24-a0-451-g263dff2034 (webtiles) character file.

Game seed: 4668751594981239243

132811 Krouwed the Sharpshooter (level 17, -6/140 HPs)
             Began as a Human Hunter on June 26, 2019.
             Was a High Priest of Okawaru.
             Mangled by a six-headed hydra (10 damage)
             ... on level 4 of the Swamp.
             The game lasted 02:11:18 (39573 turns).

Krouwed the Sharpshooter (Human Hunter)            Turns: 39573, Time: 02:11:20

Health: -6/140     AC: 18    Str: 22    XL:     17   Next: 70%
Magic:  22/28      EV: 14    Int: 11    God:    Okawaru [*****.]
Gold:   2435       SH:  0    Dex: 24    Spells: 9/30 levels left

rFire    + . .     SeeInvis .   a - +2 arbalest (velocity)
rCold    + . .     Gourm    .   (shield currently unavailable)
rNeg     . . .     Faith    +   q - +3 chain mail
rPois    +         Spirit   .   x - +1 hat {MR+}
rElec    .         Reflect  .   t - scarf {rC+ rF+}
rCorr    .         Harm     .   A - +1 pair of gloves {Dex+3}
MR       ++...                  (no boots)
Stlth    +.........             y - amulet of faith
HPRegen  0.33/turn              S - ring "Umoof" {Str+4 Dex+5}
MPRegen  0.21/turn              Y - ring of poison resistance

@: about to teleport, heroism, very slow
A: no striking features
a: Heroism, Finesse, Renounce Religion


You were on level 4 of the Swamp.
You worshipped Okawaru.
Okawaru was extremely pleased with you.
You were not hungry.

You visited 5 branches of the dungeon, and saw 27 of its levels.
You also visited: Ice Cave.

You collected 2981 gold pieces.
You spent 546 gold pieces at shops.

Inventory:

Hand Weapons
 a - a +2 arbalest of velocity (weapon)
 b - a +4 dagger of electrocution
Missiles
 d - 367 bolts (quivered)
Armour
 q - a +3 chain mail (worn)
 t - a scarf of resistance (worn)
 x - a +1 hat of magic resistance (worn)
 A - a +1 pair of gloves of dexterity (worn)
 U - a +2 buckler
Jewellery
 l - an uncursed ring of positive energy
 r - an uncursed ring of protection from fire
 y - an amulet of faith (around neck)
 D - an uncursed ring of protection from cold
 S - the ring "Umoof" (left hand) {Str+4 Dex+5}
   (You found it on level 12 of the Dungeon)

   [ring of strength]

   It affects your strength (+4).
   It affects your dexterity (+5).
 Y - a ring of poison resistance (right hand)
Wands
 e - a wand of acid (26)
 k - a wand of disintegration (21)
 s - a wand of random effects (4)
 C - a wand of iceblast (49)
 E - a wand of flame (43)
 J - a wand of paralysis (31)
 Q - a wand of clouds (7)
 R - a wand of digging (5)
 T - a wand of enslavement (10)
 V - a wand of polymorph (16)
Scrolls
 c - 2 scrolls of fear
 h - 2 scrolls of blinking
 j - 5 scrolls of teleportation
 m - 2 scrolls of magic mapping
 o - 2 scrolls of identify
 p - 4 scrolls of remove curse
 F - 2 scrolls of immolation
 H - 2 scrolls of amnesia
 I - 3 scrolls of vulnerability
Potions
 g - 3 potions of magic
 i - 9 potions of agility
 n - 4 potions of lignification
 u - a potion of haste
 v - 11 potions of curing
 w - 2 potions of brilliance
 z - a potion of might
 B - a potion of invisibility
 G - a potion of ambrosia
 K - 2 potions of cancellation
 L - 4 potions of heal wounds
 N - 2 potions of flight
 O - 3 potions of resistance
 X - 3 potions of mutation
 Z - 4 potions of berserk rage
Miscellaneous
 P - a sack of spiders
Comestibles
 f - 31 rations
 M - 3 chunks of flesh


   Skills:
 + Level 14.4(19.4) Fighting
 - Level 10.0(15.0) Short Blades
 - Level 18.0(23.0) Crossbows
 - Level 5.0(10.0) Armour
 - Level 2.0(7.0) Dodging
 - Level 1.0(6.0) Stealth
 - Level 4.1(9.1) Shields
 + Level 7.3 Spellcasting
 + Level 8.0 Translocations
 - Level 10.1 Invocations
 - Level 5.0 Evocations


You had 9 spell levels left.
You knew the following spells:

 Your Spells              Type           Power        Failure   Level  Hunger
a - Blink                 Tloc           N/A          5%          2    #......
b - Portal Projectile     Hex/Tloc       ##....       52%         3    ###....
c - Controlled Blink      Tloc           N/A          100%        8    #######
d - Disjunction           Tloc           ###.......   100%        8    #######

Your spell library contained the following spells:

 Spells                   Type           Power        Failure   Level  Hunger
 Gell's Gravitas          Tloc           ###.......   11%         3    ###....
 Shroud of Golubria       Chrm/Tloc      ##....       30%         2    #......
 Freeze                   Ice            #...         71%         1    None
 Infusion                 Chrm           #...         71%         1    None
 Magic Dart               Conj           #...         71%         1    None
 Call Imp                 Summ           #.......     83%         2    #......
 Slow                     Hex            #.......     83%         2    #......
 Song of Slaying          Chrm           #.......     83%         2    #......
 Throw Frost              Conj/Ice       #.....       83%         2    #......
 Force Lance              Conj/Tloc      ##......     89%         4    ####...
 Conjure Flame            Conj/Fire      #.......     97%         3    ###....
 Mephitic Cloud           Conj/Pois/Air  #.......     97%         3    ###....
 Ozocubu's Armour         Chrm/Ice       #.......     97%         3    ###....
 Regeneration             Chrm/Necr      #.........   97%         3    ###....
 Spectral Weapon          Hex/Chrm       #.......     97%         3    ###....
 Dispersal                Tloc           ###.......   99%         6    #######
 Ice Form                 Ice/Tmut       #.......     100%        4    ####...
 Summon Ice Beast         Ice/Summ       #.......     100%        4    ####...
 Throw Icicle             Conj/Ice       #.......     100%        4    ####...
 Metabolic Englaciation   Hex/Ice        #.........   100%        5    ######.
 Bolt of Cold             Conj/Ice       #.........   100%        6    #######
 Freezing Cloud           Conj/Ice/Air   #.........   100%        6    #######
 Ozocubu's Refrigeration  Ice            #.........   100%        6    #######
 Simulacrum               Ice/Necr       #.........   100%        6    #######


Dungeon Overview and Level Annotations

Branches:
Dungeon (14/15)            Temple (1/1) D:4            Lair (6/6) D:10
  Swamp (4/4) Lair:4        Snake (0/4) Lair:4        Slime (0/5) Lair:5
    Orc (2/2) D:12            Elf (0/3) Orc:2        Vaults (0/5) D:13

Altars:
Ashenzari
Cheibriados
Dithmenos
Elyvilon
Fedhas
Gozag
Hepliaklqana
Kikubaaqudgha
Makhleb
Nemelex Xobeh
Okawaru
Qazlal
Ru
Sif Muna
Trog
Uskayaw
Vehumet
Wu Jian
Xom
Yredelemnul
Zin
The Shining One
Jiyva

Shops:
D:10 [   Orc:2 [*(%(

Annotations:
D:4 1 runed translucent door, exclusion: door, Crazy Yiuf
Lair:5 1 runed translucent door
Lair:6 3 runed translucent doors, exclusions: 3 doors and player ghost, Elric's ghost, journeyman KoHu; Krouwed's ghost, journeyman HuHu; MackTheKnife's ghost, journeyman DsWn; PeterQ's ghost, journeyman GnAs; StandStab's ghost, journeyman MiFi


Message History

The six-headed hydra bites you but does no damage.
The six-headed hydra barely misses you. The six-headed hydra bites you.
* * * LOW HITPOINT WARNING * * *
The six-headed hydra barely misses you. The six-headed hydra misses you.
The six-headed hydra bites you but does no damage.
* * * LOW HITPOINT WARNING * * *
The grasping roots constrict you!!
Casting: Blink (safe; 5% risk of failure)
Confirm with . or Enter, or press ? or * to list all spells.
You escape the roots' grasp.
You blink.
As you read the scroll of teleportation, it crumbles to dust.
You feel strangely unstable.
You enter the shallow water.
Moving in this stuff is going to be slow.
The six-headed hydra bites you but does no damage.
The six-headed hydra closely misses you. x2
The six-headed hydra bites you!
* * * LOW HITPOINT WARNING * * *
The six-headed hydra misses you. The six-headed hydra bites you!
You die...

≈...≈.♣♣≈.≈♣≈≈≈≈≈≈(...≈≈.≈♣
..≈....♣♣..♣≈≈≈≈≈≈(.≈≈.≈.≈♣
.≈...≈§≈♣♣.≈♣≈≈≈♣.♣♣♣.≈≈≈♣♣
...≈..♣≈≈≈≈.≈♣≈ .♣
♣.≈≈.♣...♣ ≈≈≈≈♣## ≈≈...≈ .
♣♣≈≈.≈♣..♣♣ ≈≈≈♣# ♣≈..♣
♣...≈♣♣♣♣♣ .≈♣# ♣.≈.♣
♣♣.♣♣♣♣ ≈♣# ♣≈.♣♣♣....§♣♣♣
♣# ♣≈≈♣@≈.≈≈÷.)≈♣ #
♣≈.D†≈....≈♣♣ #
#♣y≈≈.≈....≈♣
♣≈y♣f.≈.≈≈...≈♣
#♣y...♣♣§≈≈≈≈≈(≈≈
#♣((§§.≈♣.≈≈≈≈≈.≈..
#.†≈≈.§≈≈.≈≈≈.≈♣≈(≈
##♣(♣♣.≈≈≈♣♣≈≈≈<♣♣♣≈♣
#((≈♣♣♣≈≈.♣.≈≈≈.♣


You could see a shambling mangrove, a six-headed hydra and 3 hornets.

Vanquished Creatures
  3 thorn hunters
  Kirke (Swamp:3)
  2 ettins (Orc:2)
  4 vault guards (D:13)
  21 hydras
  Harold (Lair:2)
  3 catoblepae (Lair:6)
  A shambling mangrove (Swamp:1)
  7 two-headed ogres
  2 ghost crabs (Swamp:3)
  9 alligators
  7 death yaks (Lair:6)
  3 orc high priests (Orc:2)
  Urug (Orc:2)
  A deep elf knight (D:13)
  3 spriggans
  A spriggan druid (Swamp:2)
  3 unseen horrors (D:14)
  8 swamp dragons
  5 orc knights
  A harpy (shapeshifter) (D:12)
  2 necromancers
  A wizard (D:13)
  3 orc sorcerers (Orc:2)
  8 ugly things
  A salamander (shapeshifter) (D:14)
  4 manticores
  16 elephants
  2 centaur zombies (D:12)
  Maurice (D:9)
  An ice statue (IceCv)
  Psyche (D:12)
  3 black mambas
  2 gargoyles
  23 spiny frogs
  A spiny frog (shapeshifter) (D:14)
  A kobold demonologist (D:12)
  5 rime drakes
  10 freezing wraiths (IceCv)
  5 komodo dragons
  A tengu conjurer (D:13)
  A polar bear (Lair:2)
  A queen bee (D:11)
  A hydra zombie (Swamp:4)
  4 trolls
  9 tyrant leeches
  17 blink frogs
  12 slime creatures
  9 hornets
  6 bog bodies
  14 hippogriffs
  4 dream sheep (Lair:4)
  3 shadows
  8 wyverns
  Eustachio (D:5)
  3 vampires
  9 basilisks
  A human (D:13)
  52 yaks
  2 wraiths
  2 hogs (Swamp:3)
  A death yak simulacrum (IceCv)
  9 vampire mosquitoes
  A hungry ghost (D:11)
  9 insubstantial wisps
  5 wargs
  17 swamp worms
  A soldier ant (D:14)
  10 water moccasins
  4 hell hounds
  15 orc warriors
  10 porcupines
  8 swamp drakes
  3 sky beasts
  An eye of draining (D:14)
  10 ice beasts
  A black bear (D:12)
  6 ogres
  A phantom (D:8)
  10 wolves
  3 boggarts (D:14)
  7 centaurs
  13 crocodiles
  3 big kobolds
  A wyvern zombie (D:12)
  22 bullfrogs
  A water moccasin zombie (Swamp:4)
  A wyvern skeleton (D:11)
  6 scorpions
  30 killer bees (D:11)
  8 wights (D:11)
  6 electric eels
  6 howler monkeys
  6 crimson imps
  3 draconian simulacra (IceCv)
  A bullfrog zombie (D:9)
  A quasit (D:10)
  7 hounds
  16 orc priests
  3 bullfrog skeletons
  3 jellies
  Jessica (D:2)
  7 centaur skeletons
  24 orc wizards
  3 iguanas
  3 spriggan simulacra (IceCv)
  11 worker ants
  6 troll simulacra (IceCv)
  A polar bear simulacrum (IceCv)
  2 wolf simulacra (IceCv)
  2 centaur simulacra (IceCv)
  2 ogre simulacra (IceCv)
  13 adders
  A gnoll (D:1)
  4 naga simulacra (IceCv)
  2 shadow imps
  12 white imps (IceCv)
  A swamp drake simulacrum (Swamp:4)
  2 oozes
  An adder skeleton (D:7)
  6 worms
  6 dart slugs
  6 leopard geckos
  60 orcs
  6 ball pythons
  2 giant cockroaches
  8 hobgoblins
  18 jackals
  4 quokkas
  10 bats
  5 frilled lizards
  8 goblins
  A jackal skeleton (D:4)
  18 kobolds
  2 leopard gecko skeletons
  5 rats
  A spectral orc (D:8)
  A fungus (D:4)
  4 plants (Lair:1)
875 creatures vanquished.

Vanquished Creatures (others)
  An alligator (Swamp:3)
  A human (Swamp:3)
  2 fungi
  13 plants
17 creatures vanquished.

Grand Total: 892 creatures vanquished

Notes
Turn   | Place    | Note
-------+----------+-------------------------------------------
     0 | D:1      | Krouwed the Human Hunter began the quest for the Orb.
     0 | D:1      | Reached XP level 1. HP: 16/16 MP: 1/1
    83 | D:1      | Reached XP level 2. HP: 22/22 MP: 2/2
   204 | D:1      | Reached XP level 3. HP: 16/27 MP: 3/3
   417 | D:1      | Reached skill level 5 in Crossbows
   755 | D:1      | Reached XP level 4. HP: 22/33 MP: 4/4
  1473 | D:2      | Found a sacrificial altar of Ru.
  1881 | D:2      | Noticed Jessica
  1885 | D:2      | Killed Jessica
  1885 | D:2      | Reached skill level 6 in Crossbows
  1885 | D:2      | Reached XP level 5. HP: 38/38 MP: 5/5
  2949 | D:3      | Found an ornate altar of the Wu Jian Council.
  3115 | D:4      | Reached XP level 6. HP: 41/46 MP: 6/6
  3497 | D:4      | Reached skill level 1 in Shields
  3666 | D:4      | Found a burning altar of Makhleb.
  3796 | D:4      | Reached XP level 7. HP: 48/52 MP: 5/7
  3968 | D:4      | Found a blossoming altar of Fedhas.
  3973 | D:4      | Reached skill level 7 in Crossbows
  4073 | D:4      | Found a staircase to the Ecumenical Temple.
  4090 | D:4      | Found a radiant altar of Vehumet.
  4099 | Temple   | Entered the Ecumenical Temple
  4315 | Temple   | Became a worshipper of Warmaster Okawaru
  4535 | D:4      | Learned a level 2 spell: Blink
  4555 | D:4      | Found a runed translucent door.
  4556 | D:4      | Noticed Crazy Yiuf
  4585 | D:5      | Entered Level 5 of the Dungeon
  4633 | D:5      | Noticed Eustachio
  4655 | D:5      | Killed Eustachio
  4655 | D:5      | Reached XP level 8. HP: 59/60 MP: 6/8
  4832 | D:5      | Reached skill level 8 in Crossbows
  4946 | D:5      | Reached * piety under Okawaru
  5439 | D:6      | Reached skill level 1 in Invocations
  5515 | D:6      | Reached skill level 9 in Crossbows
  5580 | D:6      | Found a glowing silver altar of Zin.
  5581 | D:6      | Found an opulent altar of Gozag.
  5676 | D:6      | Reached XP level 9. HP: 65/65 MP: 9/11
  5703 | D:6      | Found a deep blue altar of Sif Muna.
  6004 | D:7      | Reached ** piety under Okawaru
  6187 | D:7      | Reached skill level 10 in Crossbows
  6316 | D:7      | Reached skill level 1 in Translocations
  6427 | D:7      | Reached skill level 1 in Spellcasting
  6600 | D:7      | Noticed a hippogriff
  6610 | D:7      | Killed a hippogriff
  6926 | D:7      | Found a snail-covered altar of Cheibriados.
  7038 | D:8      | Noticed a two-headed ogre
  7049 | D:8      | Killed a two-headed ogre
  7049 | D:8      | Reached XP level 10. HP: 72/72 MP: 12/16
  7089 | D:8      | Reached *** piety under Okawaru
  7089 | D:8      | Reached skill level 5 in Translocations
  7153 | D:8      | Found a shattered altar of Ashenzari.
  7192 | D:8      | Found a glowing golden altar of the Shining One.
  7493 | D:8      | Found a basalt altar of Yredelemnul.
  7589 | D:8      | Reached skill level 5 in Spellcasting
  7741 | D:9      | Received a gift from Okawaru
  8027 | D:9      | Noticed Maurice
  8610 | D:9      | Killed Maurice
  8744 | D:9      | Reached **** piety under Okawaru
  8744 | D:9      | Reached XP level 11. HP: 72/77 MP: 15/21
  9127 | D:10     | Entered Level 10 of the Dungeon
  9210 | D:10     | Reached skill level 1 in Short Blades
  9210 | D:10     | Reached skill level 1 in Armour
  9359 | D:10     | Found Ciuviric's Antique Armour Boutique.
  9514 | D:10     | Received a gift from Okawaru
  9514 | D:10     | Reached skill level 5 in Fighting
 10207 | D:10     | Reached skill level 5 in Invocations
 10658 | D:10     | Found a staircase to the Lair.
 10696 | D:10     | Received a gift from Okawaru
 11568 | D:11     | Reached XP level 12. HP: 79/89 MP: 19/22
 11625 | D:11     | Reached ***** piety under Okawaru
 11850 | D:11     | Noticed a two-headed ogre
 11858 | D:11     | Killed a two-headed ogre
 11858 | D:11     | Reached skill level 5 in Short Blades
 11858 | D:11     | Reached skill level 5 in Armour
 12606 | D:12     | Got a transparent marble ring
 12632 | D:12     | Identified the ring "Umoof" {Str+4 Dex+5} (You found it on
                  | level 12 of the Dungeon)
 12654 | D:12     | Noticed a two-headed ogre
 12690 | D:11     | Killed a two-headed ogre
 13068 | D:12     | Noticed Psyche
 13074 | D:12     | Killed Psyche
 13270 | D:12     | Noticed a two-headed ogre
 14397 | D:12     | Received a gift from Okawaru
 14433 | D:12     | Found a staircase to the Orcish Mines.
 14812 | D:12     | Killed a two-headed ogre
 14951 | D:12     | Received a gift from Okawaru
 14951 | D:12     | Reached XP level 13. HP: 72/96 MP: 16/23
 15071 | D:12     | Reached skill level 10 in Short Blades
 15833 | D:13     | Noticed a vault guard
 16282 | D:13     | Noticed a vault guard
 16298 | D:13     | Noticed a vault guard
 16329 | D:13     | Killed a vault guard
 16333 | D:13     | Killed a vault guard
 16437 | D:13     | Killed a vault guard
 16731 | D:13     | Found a gate to the Vaults.
 16731 | D:13     | Noticed a vault guard
 16759 | D:13     | Killed a vault guard
 16759 | D:13     | Reached skill level 10 in Invocations
 17075 | D:14     | Noticed a five-headed hydra
 17080 | D:14     | Noticed a seven-headed hydra
 17084 | D:14     | Killed a five-headed hydra
 17084 | D:14     | Received a gift from Okawaru
 17092 | D:14     | Killed a seven-headed hydra
 18022 | D:14     | Reached skill level 11 in Crossbows
 18100 | D:14     | Received a gift from Okawaru
 18290 | D:14     | Reached XP level 14. HP: 106/106 MP: 24/24
 19550 | Lair:1   | Entered Level 1 of the Lair of Beasts
 19770 | Lair:1   | Received a gift from Okawaru
 20090 | Lair:1   | Reached skill level 10 in Fighting
 20091 | Lair:1   | Reached skill level 12 in Crossbows
 20092 | Lair:1   | Received a gift from Okawaru
 20789 | Lair:1   | You fall into a shaft and drop 1 floor!
 21548 | Lair:2   | Noticed Harold
 21560 | Lair:2   | Killed Harold
 22374 | Lair:2   | Received a gift from Okawaru
 22547 | Lair:2   | Reached skill level 1 in Evocations
 23127 | Lair:3   | Received a gift from Okawaru
 23386 | Lair:4   | Reached skill level 13 in Crossbows
 23697 | Lair:4   | Found a staircase to the Snake Pit.
 24006 | Lair:4   | Reached XP level 15. HP: 91/118 MP: 18/25
 24031 | Lair:4   | Found a staircase to the Swamp.
 24135 | Lair:4   | Received a gift from Okawaru
 25020 | Lair:5   | Found a frozen archway.
 25030 | IceCv    | Entered an ice cave
 25219 | IceCv    | Received a gift from Okawaru
 25590 | IceCv    | Found an ancient bone altar of Kikubaaqudgha.
 26133 | IceCv    | Learned a level 3 spell: Portal Projectile
 26142 | IceCv    | Learned a level 8 spell: Controlled Blink
 26151 | IceCv    | Learned a level 8 spell: Disjunction
 26392 | Lair:5   | Reached skill level 14 in Crossbows
 26405 | Lair:5   | Received a gift from Okawaru
 26495 | Lair:5   | Found a runed translucent door.
 26495 | Lair:5   | Found a viscous altar of Jiyva.
 26495 | Lair:5   | Found a staircase to the Slime Pits.
 26495 | Lair:5   | Noticed an azure jelly
 26495 | Lair:5   | Noticed an azure jelly
 26519 | Lair:5   | Reached skill level 5 in Evocations
 27120 | Lair:5   | Received a gift from Okawaru
 27182 | Lair:5   | Received a gift from Okawaru
 27694 | Lair:6   | Entered Level 6 of the Lair of Beasts
 27820 | Lair:6   | Received a gift from Okawaru
 27848 | Lair:6   | Received a gift from Okawaru
 27859 | Lair:6   | Got a twisted morningstar
 27860 | Lair:6   | Identified the cursed +0 morningstar "Omutushu" {flame,
                  | *Drain Int+5} (You found it on level 6 of the Lair of
                  | Beasts)
 28013 | Lair:6   | Found a runed translucent gate.
 28013 | Lair:6   | Found a runed translucent gate.
 28013 | Lair:6   | Found a runed translucent gate.
 28013 | Lair:6   | Noticed Krouwed's ghost (journeyman HuHu)
 28014 | Lair:6   | Noticed MackTheKnife's ghost (journeyman DsWn)
 28014 | Lair:6   | Noticed PeterQ's ghost (journeyman GnAs)
 28014 | Lair:6   | Noticed Elric's ghost (journeyman KoHu)
 28014 | Lair:6   | Noticed StandStab's ghost (journeyman MiFi)
 28039 | Lair:6   | Got a transparent short sword
 28040 | Lair:6   | Identified the +7 short sword "Qafang" {pierce, rF+ Str+4
                  | Dex-5} (You found it on level 6 of the Lair of Beasts)
 28137 | Lair:6   | Reached skill level 15 in Crossbows
 28686 | Lair:6   | Reached XP level 16. HP: 121/128 MP: 23/26
 30223 | Orc:1    | Entered Level 1 of the Orcish Mines
 30386 | Orc:2    | Entered Level 2 of the Orcish Mines
 30402 | Orc:2    | Found a staircase to the Elven Halls.
 30571 | Orc:2    | Noticed Urug
 30627 | Orc:2    | Killed Urug
 30754 | Orc:2    | Found Ossibut's Antique Armour Emporium.
 30763 | Orc:2    | Bought a pair of translucent gloves for 351 gold pieces
 30773 | Orc:2    | Identified the +0 pair of gloves of Agaumo {-Tele rPois
                  | Int+4} (You bought it in a shop on level 2 of the Orcish
                  | Mines)
 30866 | Orc:2    | Received a gift from Okawaru
 30942 | Orc:1    | Reached skill level 16 in Crossbows
 31711 | Orc:2    | Found Rosuur's Weapon Emporium.
 31711 | Orc:2    | Found Qoicoyclijabb's General Store.
 31712 | Orc:2    | Found Pugreum's Food Emporium.
 31712 | Orc:2    | Found Giptuifu's Weapon Boutique.
 31714 | Orc:2    | HP: 2/130 [ynoxinul/iron shot[an orc high priest] (21)]
 32486 | Orc:2    | Received a gift from Okawaru
 32525 | Orc:2    | Bought a scroll of identify for 34 gold pieces
 32525 | Orc:2    | Bought a scroll of magic mapping for 59 gold pieces
 32525 | Orc:2    | Bought a scroll of teleportation for 51 gold pieces
 32525 | Orc:2    | Bought a potion of curing for 51 gold pieces
 33016 | Swamp:1  | Entered Level 1 of the Swamp
 33086 | Swamp:1  | Received a gift from Okawaru
 33580 | Swamp:1  | Received a gift from Okawaru
 34025 | Swamp:2  | Noticed a thorn hunter
 34041 | Swamp:2  | Killed a thorn hunter
 34650 | Swamp:2  | Paralysed by a hornet for 2 turns
 34990 | Swamp:2  | Received a gift from Okawaru
 35009 | Swamp:2  | Reached skill level 17 in Crossbows
 35423 | Swamp:2  | Reached XP level 17. HP: 136/137 MP: 27/27
 35900 | Swamp:2  | Received a gift from Okawaru
 36485 | Swamp:3  | Noticed a thorn hunter
 36497 | Swamp:3  | Killed a thorn hunter
 37350 | Swamp:3  | Found a basalt altar of Yredelemnul.
 38340 | Swamp:3  | Noticed Kirke
 38433 | Swamp:3  | Killed Kirke
 38663 | Swamp:4  | Entered Level 4 of the Swamp
 39265 | Swamp:3  | Reached skill level 18 in Crossbows
 39483 | Swamp:4  | Noticed a thorn hunter
 39491 | Swamp:4  | Killed a thorn hunter
 39573 | Swamp:4  | HP: 4/140 [six-headed hydra (7)]
 39573 | Swamp:4  | Mangled by a six-headed hydra

Levels and vault maps discovered:
D:1:      erik_arrival_cave_to_civilisation [erik_arrival_cave_to_hall],
          layout_basic, skrybe_limestone_x, hangedman_decor_riveting,
          minmay_ruptured
D:2:      layout_loops_ring, nicolae_ru_awakened_eye, minivault_5, uniq_jessica
D:3:      layout_rooms, marbit_many_paths
D:4:      layout_basic, old_standard_altar, lemuel_round_altar,
          lemuel_crystal_altar, minmay_temple_entry_statues_pillars,
          first_ration, uniq_crazy_yiuf_cottage
D:5:      layout_basic, uniq_eustachio
D:6:      layout_cave_pools, grunt_temple_overflow_gold_and_silver,
          overflow_temple_1_default, kennysheep_nub
D:7:      layout_layer_cave, slow_altar_2
D:8:      layout_rooms, overflow_temple_1_default,
          yredelemnul_forgotten_temple_becter, tso_metal_star
D:9:      layout_irregular_city, uniq_maurice
D:10:     layout_basic, minmay_lair_entry_grove, serial_shops, shop
D:11:     layout_basic, special_room [special_room_bee]
D:12:     layout_small_grid, minmay_orc_entry_guard_dogs, uniq_psyche
D:13:     layout_cave_pods, grunt_vaults_entry_fortified
D:14:     layout_irregular_city, minmay_misc_feat_columns,
          hangedman_pestilent_swarm
Temple:   minmay_temple_curvy_loop
Lair:1:   layout_cave_pods, enter_volcano_3, serial_forest,
          infiniplex_forest_clump_small, infiniplex_forest_clump_small,
          infiniplex_forest_diagonal, infiniplex_forest_clump_double,
          infiniplex_forest_zigzag_1, infiniplex_forest_straight_1,
          infiniplex_forest_end_3, infiniplex_forest_clump_long,
          infiniplex_forest_lined_corner
Lair:2:   layout_gridlike, minmay_shattered_shrine, uniq_harold
Lair:3:   layout_misc_corridors
Lair:4:   layout_concentric_octagons, palyth_hydra_swamp_entry,
          dummy_snake_entry
Lair:5:   layout_gridlike, slime_altar_2, special_room
          [special_room_mythical_zoo], portal_ice_cave_entry_pillars_1,
          grunt_forest_small_clearing_treed
Lair:6:   evilmike_catoblepas_cave, layout_regular_city,
          gammafunk_ghost_cemetery, serial_bayou_shore_a
Swamp:1:  layout_falls_marsh, evilmike_swamp_ruin_rubble_2, swamp_pool2
Swamp:2:  layout_basic_swamp, hangedman_swamp_pad, infiniplex_staircase_pool
Swamp:3:  layout_basic_swamp, nicolae_swamp_trees_clearing, swamp_pool1,
          hangedman_swamp_blocks, grunt_ruined_hall, uniq_kirke
Swamp:4:  swamp, layout_basic_swamp, swamp_pool1, nicolae_swamp_round_clearing,
          nicolae_swamp_necromancer_hut
Orc:1:    layout_caves, mines3_lemuel
Orc:2:    grunt_orc_tribal_feast, layout_caves, serial_shops,
          nicolae_shop_statue_plus, uniq_urug

Skill      XL: |  1  2  3  4  5  6  7  8  9 10 11 12 13 14 15 16 17 |
---------------+----------------------------------------------------+-----
Crossbows      | 5 6 7 9 10 11 13 15 17 18 | 18.0
Fighting       | 3 4 6 7 8 11 12 13 14 | 14.4
Shields        | 2 3 4 |  4.1
Invocations    | 2 3 5 6 10 | 10.1
Translocations | 4 7 8 |  8.0
Spellcasting   | 4 6 7 |  7.3
Short Blades   | 4 9 10 | 10.0
Armour         | 4 5 |  5.0
Evocations     | 3 5 |  5.0
Dodging        | |  2.0
Stealth        | |  1.0

Action                   |  1- 3 |  4- 6 |  7- 9 | 10-12 | 13-15 | 16-18 || total
-------------------------+-------+-------+-------+-------+-------+-------++-------
Melee: Short sword       |    29 |   172 |    25 |       |       |       ||   226
       Dagger            |       |       |   267 |   262 |   167 |       ||   696
       Arbalest          |       |       |       |       |     2 |       ||     2
       Punch             |       |       |       |       |     1 |       ||     1
       Unarmed           |       |       |       |       |       |     3 ||     3
 Fire: Hand crossbow     |    59 |    60 |    78 |   722 |   113 |       ||  1032
       Arbalest          |       |       |       |       |   996 |   771 ||  1767
Throw: Throwing net      |       |     1 |       |       |       |       ||     1
       Dart              |       |       |       |     7 |       |       ||     7
 Cast: Blink             |       |       |       |     1 |    11 |    54 ||    66
Invok: Heroism           |       |       |     1 |    47 |    53 |    41 ||   142
       Finesse           |       |       |       |       |    26 |     2 ||    28
Evoke: Wand              |       |       |     1 |     3 |     2 |     1 ||     7
  Use: Scroll            |       |     5 |    10 |    14 |    18 |     6 ||    53
       Potion            |       |     2 |     1 |     5 |     6 |       ||    14
 Stab: Sleeping          |     1 |     2 |       |       |       |       ||     3
       Distracted        |       |     2 |       |       |       |       ||     2
  Eat: Ration            |       |     1 |       |     5 |     9 |     8 ||    23
       Chunk             |       |     5 |    11 |     9 |    12 |     6 ||    43
Armor: Leather armour    |    11 |    46 |       |       |       |       ||    57
       Skin              |       |    46 |       |       |       |       ||    46
       Ring mail         |       |     5 |    18 |   201 |   260 |    14 ||   498
       Chain mail        |       |       |   147 |       |       |   212 ||   359
Dodge: Dodged            |    37 |   110 |    99 |   356 |   443 |   252 ||  1297
Block: Buckler           |       |     6 |    71 |   187 |    23 |       ||   287

Table legend:
 A = Non-vault XP
 B = Vault XP
 C = Vault XP percentage of total XP
 D = Non-vault monster count
 E = Vault monster count
 F = Vault count percentage of total count
                 A         B        C        D         E       F
            +---------+---------+-------+---------+---------+-------
      Total |  124105 |   65625 |  34.6 |     632 |     239 |  27.4
            +---------+---------+-------+---------+---------+-------
        D:1 |      61 |      10 |  14.1 |      27 |       4 |  12.9
        D:2 |      57 |      37 |  39.4 |      19 |       1 |   5.0
        D:3 |      94 |       1 |   1.1 |      27 |       1 |   3.6
        D:4 |     603 |       0 |   0.0 |      24 |       0 |   0.0
        D:5 |     546 |     217 |  28.4 |      17 |       1 |   5.6
        D:6 |     401 |       0 |   0.0 |      14 |       0 |   0.0
        D:7 |    1132 |       5 |   0.4 |      19 |       1 |   5.0
        D:8 |    1605 |       1 |   0.1 |      15 |       1 |   6.2
        D:9 |    3029 |     439 |  12.7 |      34 |       1 |   2.9
       D:10 |    4251 |    1804 |  29.8 |      42 |      12 |  22.2
       D:11 |    3958 |    1792 |  31.2 |      45 |      25 |  35.7
       D:12 |    7719 |    1102 |  12.5 |      41 |       5 |  10.9
       D:13 |    1486 |    7016 |  82.5 |      16 |      10 |  38.5
       D:14 |   13816 |     753 |   5.2 |      38 |       4 |   9.5
     Lair:1 |    3163 |     293 |   8.5 |      14 |       2 |  12.5
     Lair:2 |    5988 |    1907 |  24.2 |      22 |       6 |  21.4
     Lair:3 |    4650 |       0 |   0.0 |      17 |       0 |   0.0
     Lair:4 |    6858 |    2727 |  28.5 |      20 |       7 |  25.9
     Lair:5 |   10168 |    6593 |  39.3 |      40 |      26 |  39.4
     Lair:6 |    6257 |   12249 |  66.2 |      20 |      23 |  53.5
    Swamp:1 |    6780 |       0 |   0.0 |      20 |       0 |   0.0
    Swamp:2 |   14639 |       0 |   0.0 |      38 |       0 |   0.0
    Swamp:3 |   15472 |    9444 |  37.9 |      27 |      15 |  35.7
    Swamp:4 |    5961 |    4488 |  43.0 |      11 |       9 |  45.0
      Orc:1 |     279 |     767 |  73.3 |       2 |       2 |  50.0
      Orc:2 |    5132 |    7632 |  59.8 |      23 |      29 |  55.8
      IceCv |       0 |    6348 | 100.0 |       0 |      54 | 100.0
            +---------+---------+-------+---------+---------+-------
